 Dungeon Crawl Stone Soup version 0.31-a0-83-gbff143cfd1 (webtiles) character file.

Game seed: 1130074591655198611

195016 Maxmaps the Black Belt (level 17, -10/158 HPs)
             Began as a Black Draconian Monk on May 24, 2023.
             Was the Champion of the Shining One.
             Mangled by a deep elf blademaster
             ... wielding a +0 rapier
              (12 damage)
             ... on level 3 of the Elven Halls.
             The game lasted 01:04:02 (37944 turns).

Maxmaps the Black Belt (Black Draconian Monk)      Turns: 37944, Time: 01:04:02

Health: -10/158    AC: 16    Str: 15 (17) XL:     17   Next: 69%
Magic:  24/24      EV: 20    Int: 17      God:    the Shining One [******]
Gold:   1000       SH: 13    Dex: 18      Spells: 24/24 levels left

rFire   + .          .
                       - Unarmed
rCold   + . .        e - +0 kite shield
rNeg    + + +        (body armour unavailable)
rPois   .            L - +0 hat {Will+}
rElec   +            x - +2 cloak
rCorr   .            g - +0 pair of gloves
SInv    .            R - +2 pair of boots {rampage}
Will    ++...        q - amulet of the acrobat
Stlth   +            O - ring of Cymou {rElec rF+ Str+3}
HPRegen 0.46/turn    d - ring "Pagun" {rC+ Dex+5}
MPRegen 0.19/turn

%: random rage (3%), acrobat, rampage
@: about to teleport, flying, glowing, studying 2 skills
A: breathe lightning, AC +9, unfitting armour, big wings, electricity
resistance, cold-blooded, stinger 1, berserk 1, clumsy 1, deterioration 1
}: 1/15 runes: abyssal
a: Breathe Lightning, Renounce Religion, Divine Shield, Cleansing Flame, Summon
Divine Warrior, Brand Weapon With Holy Wrath


You were on level 3 of the Elven Halls.
You worshipped the Shining One.
The Shining One was exalted by your worship.
You visited 5 branches of the dungeon, and saw 26 of its levels.
You visited the Abyss 2 times.
You also visited: Gauntlet.

You collected 3055 gold pieces.
You spent 2055 gold pieces at shops.

Inventory:

Missiles
 w - 4 throwing nets (quivered)
Armour
 e - a +0 kite shield (worn)
 g - a +0 pair of gloves (worn)
 x - a +2 cloak (worn)
 L - a +0 hat of willpower (worn)
 R - a +2 pair of boots of rampaging (worn)
Jewellery
 a - a ring of willpower
 d - the ring "Pagun" (right hand) {rC+ Dex+5}
   (You acquired it on level 6 of the Dungeon)

   [ring of protection from cold]

   Dex:       It affects your dexterity (+5).
   rC:        It protects you from cold.
 i - a ring of wizardry
 m - the ring of Xom's Regard {Dex+6 Stlth+}
   (You found it on level 1 of the Lair of Beasts)

   [ring of dexterity]

   Dex:       It affects your dexterity (+6).
   Stlth:     It makes you more stealthy.
 n - a ring of ice
 q - an amulet of the acrobat (around neck)
 r - a ring of fire
 u - a +6 ring of strength
 O - the ring of Cymou (left hand) {rElec rF+ Str+3}
   (You found it on level 5 of the Lair of Beasts)

   [ring of protection from fire]

   Str:       It affects your strength (+3).
   rF:        It protects you from fire.
   rElec:     It insulates you from electricity.
 X - a ring of resist corrosion
Wands
 c - a wand of digging (5)
 j - a wand of paralysis (12)
 y - a wand of polymorph (17)
 z - a wand of quicksilver (16)
 B - a wand of iceblast (24)
 K - a wand of flame (21)
Scrolls
 p - 5 scrolls of teleportation
 s - a scroll of silence
 t - a scroll of magic mapping
 v - 8 scrolls of fog
 G - 2 scrolls of poison
 H - 2 scrolls of butterflies
 I - 2 scrolls of torment
 J - 3 scrolls of identify
 M - 2 scrolls of blinking
 P - a scroll of amnesia
 Q - a scroll of acquirement
 T - a scroll of enchant armour
Potions
 b - 5 potions of ambrosia
 f - a potion of haste
 h - 4 potions of brilliance
 k - 2 potions of mutation
 l - a potion of cancellation
 o - 5 potions of attraction
 A - 5 potions of might
 C - 3 potions of invisibility
 D - 2 potions of degeneration
 E - 3 potions of enlightenment
Miscellaneous
 U - a box of beasts
 Y - a condenser vane
 Z - a phantom mirror


   Skills:
 + Level 15.8 Fighting
 - Level 14.0 Dodging
 - Level 12.1 Shields
 - Level 18.3 Unarmed Combat
 - Level 4.2 Spellcasting
 - Level 10.3 Invocations
 - Level 10.1 Evocations


You had 24 spell levels left.
You didn't know any spells.
Your spell library contained the following spells:

 Spells                   Type           Power      Damage    Failure   Level
 Magic Dart               Conj           12%        1d3       30%         1
 Summon Small Mammal      Summ           12%        N/A       30%         1
 Call Imp                 Summ           6%         N/A       43%         2
 Scorch                   Fire           6%         2d5       43%         2
 Ensorcelled Hibernation  Hex/Ice        2%         N/A       50%         2
 Passwall                 Tmut/Erth      0%         N/A       50%         2
 Call Canine Familiar     Summ           3%         N/A       67%         3
 Swiftness                Air            3%         N/A       67%         3
 Inner Flame              Hex/Fire       1%         N/A       75%         3
 Portal Projectile        Hex/Tloc       2%         N/A       75%         3
 Summon Guardian Golem    Hex/Summ       1%         N/A       75%         3
 Ignite Poison            Fire/Tmut/Pois 1%         N/A       77%         3
 Mephitic Cloud           Conj/Pois/Air  1%         N/A       77%         3
 Cause Fear               Hex            1%         N/A       97%         4
 Flame Wave               Conj/Fire      1%         2d4       98%         4
 Leda's Liquefaction      Hex/Erth       0%         N/A       98%         4
 Sticky Flame             Conj/Fire      1%         2d3       98%         4
 Summon Ice Beast         Ice/Summ       1%         N/A       98%         4
 Summon Mana Viper        Hex/Summ       1%         N/A       100%        5
 Conjure Ball Lightning   Conj/Air       0%         3x3d6     100%        6
 Summon Cactus Giant      Summ           1%         N/A       100%        6
 Monstrous Menagerie      Summ           1%         N/A       100%        7
 Discord                  Hex            1%         N/A       100%        8
 Disjunction              Tloc           1%         N/A       100%        8
 Ignition                 Fire           1%         3d3       100%        8
 Summon Horrible Things   Summ           1%         N/A       100%        8


Dungeon Overview and Level Annotations

Branches:
Dungeon (15/15)            Temple (1/1) D:5            Lair (5/5) D:11
 Shoals (0/4) Lair:2       Spider (0/4) Lair:2        Slime (0/5) Lair:4
    Orc (2/2) D:11            Elf (3/3) Orc:2        Vaults (0/5) D:14
 Depths (0/4) D:15        Gauntlet (visited)

Altars:
Ashenzari
Cheibriados
Dithmenos
Elyvilon
Fedhas
Gozag
Hepliaklqana
Kikubaaqudgha
Makhleb
Nemelex Xobeh
Okawaru
Qazlal
Ru
Sif Muna
Trog
Uskayaw
Vehumet
Wu Jian
Xom
Yredelemnul
Zin
The Shining One

Shops:
D:3 ?   Orc:2 [**((

Annotations:
Lair:4 exclusion: oklob plant
Elf:2 3 runed translucent doors


Innate Abilities, Weirdness & Mutations

You can breathe wild blasts of lightning.
Your glossy black scales are hard. (AC +9)
You cannot fit into any form of body armour.
Your large and strong wings let you fly.
You are resistant to electric shocks. (rElec)
You are cold-blooded and may be slowed by cold attacks.
Your tail ends in a venomous barb.
You sometimes lose your temper in combat.
You are clumsy. (Dex -2)
Your body sometimes deteriorates upon taking damage.


Message History

The deep elf blademaster hits you with a +0 short sword.
The deep elf blademaster barely misses you.
You pummel the deep elf blademaster!!
The deep elf blademaster is heavily wounded.
Your surroundings suddenly seem different.
A deep elf sorcerer and a deep elf annihilator come into view.
The deep elf annihilator shouts!
You hear a shout!
As you read the scroll of teleportation, it crumbles to dust.
You feel strangely unstable.
The deep elf annihilator gestures at you while chanting.
The poison arrow hits you!!
You are poisoned.
Your body deteriorates!
You feel weakened.
The deep elf sorcerer gestures at you while chanting.
The sphere of damnation explodes!
The damnation engulfs you!!!
* * * LOW HITPOINT WARNING * * *
Your body deteriorates!
You feel weakened.
You hear a shout!
You feel better.
The deep elf sorcerer points at you and mumbles some strange words.
The bolt of acid hits you!!!
* * * LOW HITPOINT WARNING * * *
Unknown command.
Okay, then.
Blink to where?
Press: ? - help, Dir - move target A deep elf death mage comes into view.
It is wielding a +0 long sword.
As you read the scroll of blinking, it crumbles to dust.
The deep elf death mage shouts!
A deep elf annihilator comes into view. It is wielding a +0 long sword.
Blink to where?
Press: ? - help, Dir - move target A deep elf death mage comes into view.
It is wielding a +0 dagger of venom.
As you read the scroll of blinking, it crumbles to dust.
Your surroundings suddenly seem different.
The deep elf death mage moves out of view.
As you read the scroll of teleportation, it crumbles to dust.
You feel strangely unstable.
The deep elf blademaster hits you but does no damage.
The deep elf blademaster hits you with a +0 rapier!
You die...

.,,,,,** ##......##.....## #.....
,,,,,,,**#.......).......# #...##
*,,,,,,,........##.......#*#...#.
**,,,,,........###.......#,#...#.
*,,,,.........# ##.)...##,#...#.
*,,,,.........# ##...##,,#...#.
####,,,,.....#######)###,,,#...#.
...#****######.....e.##,,,,#...#.
....,,* #.....@e....#**,,#...#.
....,,* #.............*,,#...#.
e...,,** *#.............+*,#...#.
....,,,**#...............**#...#.
#.e.,,,,*.......###.......*#...+.
*#..,,,,+......#*,##......##...#.
**,,,,,+.....#*,,,*#...,,*#...#.
*,,,,,+.....+,,,,,*...,,*#...#.
**,,,,,+,,,,,**,,,**,,,,,*#...#.


You could see a deep elf blademaster and a deep elf annihilator.

Vanquished Creatures
  A deep elf master archer (Elf:3)
  A shadow dragon (Abyss:4)
  Gastronok (Lair:3)
  6 deep elf sorcerers
  5 deep elf elementalists (Elf:3)
  3 deep elf demonologists
  6 deep elf annihilators (Elf:3)
  Azrael (Orc:1)
  3 deep elf death magi
  Harold (D:11)
  5 deep elf high priests (Elf:3)
  7 hydras
  A vault guard (D:14)
  An ogre mage (D:15)
  4 boulder beetles
  4 centaur warriors
  13 dancing weapons
  A hell hog (Gauntlet)
  11 two-headed ogres
  A tengu warrior (D:15)
  An orc high priest (Orc:2)
  5 death yaks
  2 soul eaters (D:14)
  6 deep elf knights
  A skyshark (Lair:3)
  A wretched star (Abyss:3)
  A sixfirhy (D:13)
  Lodul (D:11)
  An orb spider (Lair:2)
  2 harpies (Lair:2)
  6 deep elf archers
  4 wizards
  24 deep elf pyromancers
  A necromancer (D:15)
  3 orc knights (Orc:2)
  7 ugly things
  14 deep elf zephyrmancers
  7 cyclopes
  7 orc sorcerers
  3 draconians (Abyss:4)
  A manticore (D:12)
  A worldbinder (Gauntlet)
  15 elephants
  Maurice (D:8)
  3 centaur zombies (D:15)
  2 torpor snails
  An orange demon (D:14)
  7 black mambas
  4 gargoyles (D:9)
  A hellion (Abyss:4)
  12 cane toads
  2 rime drakes
  A freezing wraith (D:14)
  An unseen horror (D:11)
  An efreet (D:13)
  3 kobold demonologists
  A tengu conjurer (D:14)
  7 komodo dragons
  3 trolls
  An ancient zyme (Abyss:4)
  Grinder (D:6)
  A red devil (D:13)
  3 polar bears (Lair:5)
  2 meliai (D:12)
  8 blink frogs
  A queen bee (D:12)
  8 dream sheep (Lair:5)
  5 hornets
  A raiju (Abyss:4)
  A meliai zombie (D:15)
  2 dream sheep (shapeshifter)
  2 centaur simulacra (D:15)
  5 slime creatures
  5 air elementals
  2 vampires
  3 wraiths
  3 shadows
  3 ynoxinuls (D:14)
  10 spriggans (Lair:5)
  3 wyverns
  42 yaks
  2 fire elementals (Orc:1)
  4 water elementals
  4 fire bats (Gauntlet)
  3 basilisks
  A small abomination (Abyss:3)
  2 chaos spawn
  A steam dragon (D:10)
  5 wargs
  2 vampire mosquitoes (D:13)
  Menkaure (D:7)
  An acid dragon (D:9)
  11 water moccasins
  5 hell hounds
  24 orc warriors
  An ice beast (D:8)
  6 black bears
  15 ogres
  12 centaurs
  35 wolves
  6 boggarts
  14 kobold brigands
  A phantom (D:4)
  9 bullfrogs
  3 gnoll sergeants
  3 scorpions
  3 earth elementals
  4 wights (D:7)
  21 killer bees (D:12)
  3 howler monkeys
  Crazy Yiuf (D:7)
  18 orc priests
  3 jellies
  2 starcursed masses (Abyss:3)
  A gnoll bouda (D:9)
  A sleepcap (D:7)
  An iguana (D:4)
  12 hell rats
  13 orc wizards
  12 gnolls
  5 river rats (Lair:4)
  9 adders
  2 shadow imps
  A white imp (D:8)
  4 ufetubi
  A worm (D:3)
  A dart slug (D:3)
  79 orcs
  2 endoplasms
  2 giant cockroaches
  6 goblins
  3 hobgoblins
  2 jackals (D:3)
  3 quokkas
  9 ball pythons
  11 bats
  3 frilled lizards (D:3)
  38 kobolds
  12 rats
811 creatures vanquished.

Vanquished Creatures (collateral kills)
  An Executioner (Abyss:4)
  A draconian knight (Abyss:4)
  A draconian monk (Abyss:4)
  A deep elf sorcerer (Elf:3)
  A draconian scorcher (Abyss:4)
  An orc warlord (Orc:1)
  A deep elf elementalist (Elf:3)
  A draconian annihilator (Abyss:4)
  3 deep elf demonologists (Elf:3)
  A lorocyproca (Abyss:4)
  A minotaur (Gauntlet)
  3 deep elf death magi
  A deep elf high priest (Elf:3)
  A death knight (D:12)
  A centaur warrior (D:13)
  A boulder beetle (D:14)
  A catoblepas (D:14)
  A two-headed ogre (D:12)
  A tengu warrior (D:15)
  A thrashing horror (Abyss:4)
  2 dancing weapons
  2 orc high priests (Orc:2)
  A deep elf knight (Elf:3)
  3 skeletal warriors (D:13)
  A skyshark (Lair:4)
  A large abomination (Abyss:4)
  4 deep elf archers
  A phantasmal warrior (D:12)
  3 deep elf pyromancers
  6 deep elf zephyrmancers
  2 orc knights
  3 ugly things (D:14)
  An orc sorcerer (Orc:1)
  2 draconians (Abyss:4)
  An apocalypse crab (Abyss:4)
  2 rust devils (D:14)
  A minotaur zombie (Gauntlet)
  2 orange demons (D:14)
  A smoke demon (D:14)
  A cane toad (Lair:3)
  2 rime drakes (Lair:3)
  2 komodo dragons
  A red devil (D:14)
  A slime creature (Lair:4)
  A shadow (D:13)
  3 wyverns (Lair:3)
  3 wraiths
  2 ynoxinuls (D:14)
  4 basilisks
  5 neqoxecs
  12 yaks
  A chaos spawn (D:14)
  A vampire mosquito (D:13)
  An orc warrior (Orc:2)
  A bullfrog (Lair:3)
  An orc priest (Orc:2)
  A jelly (Lair:4)
  3 hell rats (Lair:3)
  An orc (D:12)
110 creatures vanquished.

Vanquished Creatures (others)
  A water elemental (Elf:3)
  A jelly (Abyss:4)
  2 orc wizards (Orc:2)
  2 orcs (Orc:2)
6 creatures vanquished.

Grand Total: 927 creatures vanquished

Notes
Turn   | Place    | Note
-------+----------+-------------------------------------------
     0 | D:1      | Maxmaps the Draconian Monk began the quest for the Orb.
     0 | D:1      | Reached XP level 1. HP: 19/19 MP: 1/1
   272 | D:1      | Reached XP level 2. HP: 26/26 MP: 2/2
   751 | D:2      | Found a faded altar of an unknown god.
  1244 | D:3      | Reached XP level 3. HP: 31/31 MP: 3/3
  1253 | D:3      | Found an iron altar of Okawaru.
  1255 | D:3      | Found a hazy altar of Hepliaklqana.
  1314 | D:3      | Found a stormy altar of Qazlal.
  1591 | D:3      | Found a white marble altar of Elyvilon.
  1645 | D:3      | Reached skill level 1 in Spellcasting
  1852 | D:3      | You fall into a shaft and drop 3 floors!
  1855 | D:6      | Identified 2 scrolls of acquirement
  1855 | D:6      | Acquired the ring "Pagun" {rC+ Dex+5}
  1859 | D:6      | Acquired a manual of Transmutations
  1872 | D:6      | Noticed a kobold brigand
  1875 | D:6      | Noticed a water moccasin
  1891 | D:6      | Killed a kobold brigand
  1892 | D:6      | Reached XP level 4. HP: 27/38 MP: 4/8
  1908 | D:6      | Killed a water moccasin
  1909 | D:6      | Reached XP level 5. HP: 13/45 MP: 5/11
  2032 | D:5      | Entered Level 5 of the Dungeon
  2032 | D:5      | Noticed a water moccasin
  2047 | D:6      | Reached XP level 6. HP: 39/52 MP: 12/12
  2191 | D:6      | Noticed Grinder
  2202 | D:6      | Paralysed by Grinder for 2 turns
  2212 | D:6      | Paralysed by Grinder for 2 turns
  2221 | D:6      | Paralysed by Grinder for 4 turns
  2232 | D:6      | Paralysed by Grinder for 4 turns
  2460 | D:6      | HP: 2/53 [Grinder (3)]
  2463 | D:6      | Killed Grinder
  2464 | D:6      | Your scales start taking on a glossy black colour.
  2464 | D:6      | Reached XP level 7. HP: 4/63 MP: 13/13
  2464 | D:6      | Gained mutation: You are resistant to electric shocks.
                  | (rElec) [Black Draconian growth]
  3117 | D:4      | Reached skill level 4 in Unarmed Combat
  3203 | D:3      | Found Paladicy's Magic Scroll Boutique.
  3206 | D:3      | Bought a scroll of teleportation for 36 gold pieces
  3206 | D:3      | Bought a scroll of teleportation for 36 gold pieces
  3498 | D:4      | Reached skill level 5 in Unarmed Combat
  4085 | D:5      | Reached skill level 6 in Unarmed Combat
  4093 | D:5      | Reached XP level 8. HP: 27/70 MP: 14/14
  4328 | D:5      | Found a staircase to the Ecumenical Temple.
  4370 | Temple   | Entered the Ecumenical Temple
  4498 | Temple   | Became a worshipper of the Shining One
  4498 | Temple   | Reached * piety under the Shining One
  4498 | Temple   | Reached ** piety under the Shining One
  4876 | D:6      | Reached skill level 7 in Unarmed Combat
  5293 | D:7      | Reached skill level 8 in Unarmed Combat
  5328 | D:7      | Reached skill level 9 in Unarmed Combat
  5585 | D:7      | Noticed Menkaure
  5591 | D:7      | Killed Menkaure
  5918 | D:7      | Found a runed translucent door.
  5919 | D:7      | Noticed Crazy Yiuf
  6167 | D:7      | Reached XP level 9. HP: 69/75 MP: 15/15
  6328 | D:7      | Killed Crazy Yiuf
  7180 | D:8      | Reached skill level 10 in Unarmed Combat
  7297 | D:8      | Found a broken altar of Ashenzari.
  7297 | D:8      | Reached *** piety under the Shining One
  7374 | D:8      | Noticed Maurice
  7391 | D:8      | Killed Maurice
  7392 | D:8      | Reached skill level 5 in Invocations
  8091 | D:9      | Noticed a gargoyle
  8166 | D:9      | Noticed a two-headed ogre
  8167 | D:9      | Noticed a two-headed ogre
  8174 | D:9      | Killed a two-headed ogre
  8175 | D:9      | Reached XP level 10. HP: 58/83 MP: 16/16
  8178 | D:9      | Killed a two-headed ogre
  8459 | D:9      | Noticed a gargoyle
  8481 | D:9      | Killed a gargoyle
  8583 | D:9      | Noticed a gargoyle
  8635 | D:9      | Killed a gargoyle
  8636 | D:9      | Reached skill level 10 in Invocations
  8658 | D:9      | Noticed a gargoyle
  8668 | D:9      | Killed a gargoyle
  8871 | D:9      | Found a sacrificial altar of Ru.
  8872 | D:9      | Found an ornate altar of the Wu Jian Council.
  9079 | D:9      | Noticed a gargoyle
  9089 | D:9      | Killed a gargoyle
  9659 | D:10     | Entered Level 10 of the Dungeon
  9724 | D:10     | Found a basalt altar of Yredelemnul.
  9727 | D:10     | Found a radiant altar of Vehumet.
  9730 | D:10     | Found an opulent altar of Gozag.
  9740 | D:10     | Found a snail-covered altar of Cheibriados.
 10270 | D:10     | Got the Volume of Cunning Assembling
 10273 | D:10     | Found a sparkling altar of Nemelex Xobeh.
 10379 | D:10     | Noticed a two-headed ogre
 10390 | D:10     | Killed a two-headed ogre
 10391 | D:10     | Reached skill level 10 in Fighting
 10391 | D:10     | Reached XP level 11. HP: 62/100 MP: 18/18
 11001 | D:11     | Noticed Lodul
 11001 | D:11     | Reached **** piety under the Shining One
 11218 | D:11     | Found a staircase to the Lair.
 11219 | D:11     | Noticed a death yak
 11362 | D:11     | Reached skill level 5 in Dodging
 11864 | D:11     | Killed Lodul
 12104 | D:11     | Noticed a centaur warrior
 12414 | D:11     | Reached skill level 1 in Shields
 12450 | D:11     | Found a shimmering blue altar of Sif Muna.
 12509 | D:11     | Killed a centaur warrior
 12750 | D:11     | Found a staircase to the Orcish Mines.
 12775 | D:11     | Reached skill level 5 in Shields
 12858 | D:11     | Noticed Harold
 12885 | D:11     | Killed Harold
 13044 | D:11     | Noticed a sixfirhy
 13055 | D:10     | Reached XP level 12. HP: 66/110 MP: 19/19
 13662 | D:12     | Noticed a two-headed ogre
 13946 | D:12     | Killed a two-headed ogre
 14175 | D:12     | Reached ***** piety under the Shining One
 14391 | D:12     | HP: 5/110 [meliai/+0 hand axe (6)]
 14467 | D:12     | Noticed a death knight
 14481 | D:12     | Killed a death knight
 14512 | D:12     | Noticed a two-headed ogre
 14517 | D:12     | Killed a two-headed ogre
 14518 | D:12     | Reached skill level 10 in Shields
 15095 | Lair:1   | Entered Level 1 of the Lair of Beasts
 15821 | Lair:1   | Identified the ring of Xom's Regard {Dex+6 Stlth+}
 15852 | Lair:1   | Identified the +5 dagger of Flawed Execution {venom, rN+}
 16559 | Lair:2   | Found a staircase to the Shoals.
 16578 | Lair:2   | Reached XP level 13. HP: 61/116 MP: 20/20
 18196 | Lair:2   | Found a hole to the Spider Nest.
 18212 | Lair:2   | Reached skill level 11 in Unarmed Combat
 19155 | Lair:3   | Found a shimmering altar of Xom.
 19228 | Lair:3   | Reached skill level 12 in Unarmed Combat
 19576 | Lair:3   | Noticed Gastronok
 19606 | Lair:3   | Killed Gastronok
 20100 | Lair:4   | Reached skill level 13 in Unarmed Combat
 20761 | Lair:4   | Found a staircase to the Slime Pits.
 21078 | Lair:4   | Reached skill level 14 in Unarmed Combat
 21580 | Lair:4   | Gained mutation: Your large and strong wings let you fly.
                  | [Black Draconian growth]
 21580 | Lair:4   | Reached XP level 14. HP: 104/126 MP: 21/21
 21975 | Lair:5   | Entered Level 5 of the Lair of Beasts
 22663 | Lair:4   | Reached skill level 15 in Unarmed Combat
 23806 | Lair:5   | Reached skill level 16 in Unarmed Combat
 24380 | Lair:5   | Found a broken altar of Ashenzari.
 24433 | Lair:5   | Identified the ring of Cymou {rElec rF+ Str+3}
 25056 | Lair:5   | Reached skill level 17 in Unarmed Combat
 25367 | Orc:1    | Entered Level 1 of the Orcish Mines
 25581 | Orc:2    | Entered Level 2 of the Orcish Mines
 25581 | Orc:2    | Noticed Azrael
 25667 | Orc:1    | Killed Azrael
 25885 | Orc:2    | Reached ****** piety under the Shining One
 25968 | Orc:2    | Noticed an orc warlord
 26152 | Orc:1    | Killed an orc warlord
 26431 | Orc:2    | Found a staircase to the Elven Halls.
 26564 | Orc:2    | Found Ysev's Armour Emporium.
 26868 | Orc:2    | Reached XP level 15. HP: 125/132 MP: 14/22
 26871 | Orc:2    | Reached skill level 18 in Unarmed Combat
 26889 | Orc:2    | Found Luidefur's Weapon Emporium.
 26889 | Orc:2    | Found Jaevebbao's General Store.
 26898 | Orc:2    | Found Giati's Antique Weapon Emporium.
 26898 | Orc:2    | Found Oddego's Assorted Antiques.
 26934 | Orc:2    | Bought a scroll of acquirement for 1768 gold pieces
 26988 | Orc:2    | Bought a +2 pair of boots of rampaging for 215 gold pieces
 27149 | D:12     | Found a hide-covered altar of Uskayaw.
 27661 | D:13     | Found a gate leading to a gauntlet.
 27744 | Gauntlet | Entered a Gauntlet
 27744 | Gauntlet | Found a transporter.
 27768 | Gauntlet | Found a transporter.
 27779 | Gauntlet | Found a transporter.
 27782 | Gauntlet | Found a transporter.
 27790 | Gauntlet | Found a transporter.
 27811 | Gauntlet | Found a transporter.
 27823 | Gauntlet | Found a transporter.
 27831 | Gauntlet | Found the +1 cloak of Starlight {*Dazzle EV+4 Stlth--}
 27834 | Gauntlet | Found a transporter.
 27854 | Gauntlet | Found a transporter.
 27869 | Gauntlet | Found a transporter.
 27869 | Gauntlet | Found a transporter.
 27911 | Gauntlet | Found a runed translucent door.
 27915 | Gauntlet | Found a runed translucent door.
 27919 | Gauntlet | Found a transporter.
 27936 | Gauntlet | Found a transporter.
 28034 | Gauntlet | Found a transporter.
 28166 | Gauntlet | Identified the +0 pair of boots of Lethargy {rN+}
 28312 | Gauntlet | Identified the +4 glaive "Demonslayer" {freeze, Int+4
                  | Dex-5}
 28312 | Gauntlet | Identified the +2 leather armour of the Slorg {Rampage
                  | rPois rF+ rC-}
 29378 | D:14     | Reached skill level 10 in Dodging
 30122 | D:14     | Found a gate to the Vaults.
 30394 | D:14     | Gained mutation: You have hidden genetic defects. [a
                  | neqoxec]
 30494 | D:14     | Lost mutation: You have hidden genetic defects. [potion of
                  | mutation]
 30494 | D:14     | Gained mutation: You sometimes lose your temper in combat.
                  | [potion of mutation]
 30494 | D:14     | Gained mutation: You are clumsy. (Dex -2) [potion of
                  | mutation]
 30494 | D:14     | Gained mutation: Your tail ends in a venomous barb. [potion
                  | of mutation]
 30537 | D:15     | Entered Level 15 of the Dungeon
 31278 | D:15     | Found a staircase to the Depths.
 31299 | D:15     | Reached XP level 16. HP: 139/139 MP: 23/23
 31850 | Elf:1    | Entered Level 1 of the Elven Halls
 32516 | Elf:1    | Noticed a Brimstone Fiend
 32766 | Elf:1    | Noticed a Tzitzimitl
 33339 | Elf:1    | Got Rubri's Teachings on Support
 33666 | Elf:2    | Reached skill level 1 in Evocations
 33790 | Elf:2    | Paralysed by an air elemental for 1 turns
 34157 | Elf:2    | Reached skill level 5 in Evocations
 34472 | Elf:2    | Found a runed translucent gate.
 34472 | Elf:2    | Found a runed translucent gate.
 34472 | Elf:2    | Found a runed translucent gate.
 34519 | Elf:3    | Entered Level 3 of the Elven Halls
 34748 | Elf:3    | Paralysed by an air elemental for 1 turns
 35113 | Elf:3    | Paralysed by an air elemental for 1 turns
 35119 | Elf:3    | Paralysed by an air elemental for 1 turns
 35486 | Elf:3    | Reached XP level 17. HP: 124/146 MP: 24/24
 35956 | Elf:3    | Reached skill level 10 in Evocations
 36099 | Abyss:3  | Found a corrupted altar of Lugonu.
 36099 | Abyss:3  | Cast into level 3 of the Abyss (a deep elf sorcerer)
 36168 | Abyss:4  | Found a transporter.
 36195 | Abyss:4  | Gained mutation: Your body sometimes deteriorates upon
                  | taking damage. [a neqoxec]
 36239 | Abyss:4  | Found a transporter.
 36262 | Abyss:4  | Got an abyssal rune of Zot
 36287 | Elf:3    | Escaped the Abyss
 36654 | Abyss:4  | Cast into level 4 of the Abyss (a deep elf sorcerer)
 36657 | Abyss:4  | Found a corrupted altar of Lugonu.
 36699 | Elf:3    | Escaped the Abyss
 36914 | Elf:3    | Paralysed by an air elemental for 1 turns
 36915 | Elf:3    | Noticed a deep elf master archer
 36924 | Elf:3    | Killed a deep elf master archer
 37201 | Elf:3    | Identified the +3 chain mail of a ziggurat {MP-9 Str+5}
 37256 | Elf:3    | Noticed a Brimstone Fiend
 37262 | Elf:3    | Noticed a Tzitzimitl
 37657 | Elf:3    | Noticed a Brimstone Fiend
 37665 | Elf:3    | Reached skill level 15 in Fighting
 37933 | Elf:3    | Noticed a deep elf blademaster
 37933 | Elf:3    | Noticed a deep elf blademaster
 37941 | Elf:3    | HP: 1/158 [deep elf sorcerer/bolt of acid (45)]
 37944 | Elf:3    | Mangled by a deep elf blademaster

Illustrated notes

Levels and vault maps discovered:
D:1:      elethiomel_arrival_diamonds, layout_basic, minmay_misc_feat_encased,
          reono_crystal_passage, supply_closet_lemuel
D:2:      layout_rooms, shapermc_ecumenical_altar_totnotflames
D:3:      layout_loops_ring, lemuel_round_altar, grunt_temple_overflow_open,
          mainiacjoe_overflow_paths, serial_shops, shop, minmay_snake_closets
D:4:      layout_cave_pools, nicolae_nh_ransacked_shop
D:5:      layout_cave_pools, minmay_temple_entry_proselytizer,
          kennysheep_small_circle
D:6:      layout_rooms, uniq_grinder
D:7:      layout_basic, grunt_decor_arrowhead, uniq_menkaure,
          uniq_crazy_yiuf_cottage
D:8:      layout_loops_corners, evilmike_ruin_ashenzari, uniq_maurice
D:9:      cheibrodos_statue_roulette, layout_loops_ring,
          gammafunk_temple_overflow_statue, due_unseen_surprise
D:10:     layout_gridville, grunt_temple_overflow_cloverleaf,
          nemelex_diamond_rough_becter, grunt_ministairs_7
D:11:     layout_roguey [special_room_orc], david_lair_generic,
          kennysheep_orc_monster_closet_entryway,
          hangedman_abyss_or_decor_lesser_grid, tgw_sif, uniq_lodul, uniq_harold
D:12:     layout_roguey [special_room_bee], dancing_weapons_uskayaw
D:13:     layout_big_octagon, gauntlet_entry_generic, minmay_misc_feat_five,
          kennysheep_decorative_pillar, minmay_misc_feat_iff
D:14:     layout_irregular_city, david_vaults_5, serial_demonic,
          serial_demonic_g, serial_demonic_d, serial_demonic_e,
          serial_demonic_e, serial_demonic_f, serial_demonic_a,
          serial_demonic_e, serial_demonic_c, bh_walls_and_bars
D:15:     grunt_enter_depths_magical_seal, layout_rooms, st_stairs_4
Temple:   nicolae_temple_two_arcs
Lair:1:   layout_cave_pods, beast_lair_carwin_5, grunt_megastairs_4,
          lemuel_fruit_tree, serial_bayou_shore_a
Lair:2:   layout_loops_ring, nicolae_shoals_entry_roost,
          nicolae_spider_entry_orb_guardian
Lair:3:   layout_cave_shapes, special_room [special_room_mythical_zoo],
          basic_altar, serial_bayou_ford_a, wad_woods_03,
          infiniplex_staircase_pool, uniq_gastronok
Lair:4:   layout_loops_ring, minmay_slime_entry_pillars,
          kennysheep_abandoned_house
Lair:5:   minmay_lair_end_enchanted_forest, layout_regular_city, basic_altar
Orc:1:    layout_diamond_mine, nicolae_orc_rockfall
Orc:2:    grunt_orc_tribal_feast, layout_caves, serial_shops, shop,
          mines1_david, uniq_azrael
Elf:1:    elf_arrival_002, layout_gridlike, minmay_elf_demonology,
          minmay_misc_feat_cross
Elf:2:    nicolae_elf_blades_splatter_lattice
          [nicolae_blade_entry_hurt_lockers], layout_geoelf_grid,
          dreamdust_princess_corridor, uniq_agnes, uniq_asterion
Elf:3:    nooodl_elf_gasket, layout_onion_city

Skill      XL: |  1  2  3  4  5  6  7  8  9 10 11 12 13 14 15 16 17 |
---------------+----------------------------------------------------+-----
Dodging        | 3 4 7 12 14 | 14.0
Spellcasting   | 2 4 |  4.2
Fighting       | 6 10 11 12 15 | 15.8
Unarmed Combat | 6 9 10 14 17 18 | 18.3
Invocations    | 8 10 | 10.3
Shields        | 6 12 | 12.1
Evocations     | 9 10 | 10.1

Action                     |  1- 3 |  4- 6 |  7- 9 | 10-12 | 13-15 | 16-18 || total
---------------------------+-------+-------+-------+-------+-------+-------++-------
  Melee: Unarmed           |   176 |   102 |   323 |   719 |  1713 |   658 ||  3691
         Tailslap          |    16 |    14 |    58 |   176 |   457 |   166 ||   887
         Punch             |     6 |     2 |    27 |    26 |       |       ||    61
 Invoke: Divine Shield     |       |       |       |     2 |     1 |       ||     3
         Summon Divine War |       |       |       |     1 |    12 |    10 ||    23
Ability: Breathe Lightning |       |       |    14 |    22 |     7 |       ||    43
  Evoke: Wand              |       |       |       |     1 |       |       ||     1
    Use: Potion            |     4 |     6 |     1 |     9 |     4 |     7 ||    31
         Scroll            |     4 |     3 |     9 |     8 |     6 |    10 ||    40
   Stab: Sleeping          |     1 |       |     7 |       |       |       ||     8
 Armour: Skin              |    68 |    20 |   111 |   254 |   443 |   139 ||  1035
  Dodge: Dodged            |   135 |    59 |   216 |   571 |  1073 |   336 ||  2390
  Block: Other             |       |       |       |    12 |       |       ||    12
         Kite shield       |       |       |       |   413 |  1339 |   289 ||  2041

Table legend: (Time is in decaauts)
 A = Elapsed time spent in this place.
 B = Non-inter-level travel time spent in this place.
 C = Inter-level travel time spent in this place.
 D = Time resting spent in this place.
 E = Time spent auto-exploring this place.
 F = Levels seen in this place.
 G = Mean time per level.
                   A        B        C        D        E       F      G
               +--------+--------+--------+--------+--------+-----+--------+
         Total |  37631 |  35502 |   2129 |  11040 |  16640 |  30 | 1254.4 |
       Dungeon |  18704 |  17874 |    830 |   5273 |   9137 |  15 | 1246.9 |
        Temple |    141 |    124 |     17 |      0 |    104 |   1 |  141.0 |
          Lair |  10149 |   9840 |    309 |   2534 |   5494 |   5 | 2029.8 |
  Orcish Mines |   2629 |   2495 |    134 |   1391 |    678 |   2 | 1314.5 |
   Elven Halls |   4923 |   4086 |    837 |   1469 |   1036 |   3 | 1641.0 |
         Abyss |    239 |    239 |      0 |      5 |     27 |   3 |   79.7 |
      Gauntlet |    842 |    842 |      0 |    367 |    164 |   1 |  842.0 |
               +--------+--------+--------+--------+--------+-----+--------+

Top non-repeatable levels by time:
   Elf:3: 3141 daAuts
  Lair:5: 2543 daAuts
  Lair:4: 2382 daAuts
    D:10: 2223 daAuts
    D:11: 1995 daAuts
   Orc:2: 1962 daAuts
  Lair:1: 1886 daAuts
  Lair:3: 1877 daAuts
     D:7: 1840 daAuts
    D:12: 1790 daAuts
     D:9: 1582 daAuts
  Lair:2: 1459 daAuts
    D:14: 1405 daAuts
    D:15: 1147 daAuts
     D:8: 1061 daAuts
